 Seeded DCSS version 0.31.0-32-g396128a36d (webtiles) character file.

Game seed: 3777773405318205559 (custom seed)

193 Alphaeus the Ruffian (level 5, 0/34 HPs)
             Began as an Octopode Shapeshifter on Mar 19, 2024.
             Frozen to death by an endoplasm (3 damage)
             ... in a sewer.
             The game lasted 00:02:59 (1834 turns).

Alphaeus the Ruffian (Octopode Shapeshifter)        Turns: 1834, Time: 00:03:00

Health: 0/34       AC:  1    Str: 15    XL:     5   Next: 72%
Magic:  0/5        EV: 13    Int: 13    God:
Gold:   190        SH:  0    Dex: 11    Spells: 4/4 levels left

rFire   . .          .
                       - Unarmed
rCold   . . .        (no shield)
rNeg    . . .        (helmet currently unavailable)
rPois   .            g - amulet of guardian spirit
rElec   .            (no ring)
rCorr   .            (no ring)
SInv    .            (no ring)
Will    .....        (no ring)
Stlth   +++          (no ring)
HPRegen 0.25/turn    (no ring)
MPRegen 0.09/turn    (no ring)
                     (no ring)

%: guardian spirit
@: mighty, beast-form
A: beast (slay +2), almost no armour, amphibious, 8 rings, camouflage 1,
gelatinous body 1, nimble swimmer 1, tentacles
a: Begin Untransformation


You were in a sewer.
You were a hulking beast.
You visited 1 branch of the dungeon, and saw 3 of its levels.
You also visited: Sewer.

You collected 190 gold pieces.

Inventory:

Jewellery
 g - an amulet of guardian spirit (around mantle)
Talismans
 b - a beast talisman
 c - a flux talisman
Scrolls
 e - 2 scrolls of teleportation {unknown}
 f - a scroll of enchant weapon {unknown}
 i - a scroll of vulnerability {unknown}
 l - a scroll of identify {unknown}
 n - a scroll of fog {unknown}
 o - a scroll of brand weapon {unknown}
Potions
 a - a potion of lignification
 d - a potion of might
 h - a potion of berserk rage {unknown}
 j - a potion of resistance {unknown}
 k - 2 potions of cancellation {unknown}
 m - 3 potions of curing {unknown}


   Skills:
 + Level 2.2 Fighting
 + Level 2.8 Dodging
 * Level 4.3 Unarmed Combat
 * Level 4.1 Shapeshifting


You had 4 spell levels left.
You didn't know any spells.
Your spell library contained the following spells:

 Spells                   Type           Power      Damage    Failure   Level
 Summon Small Mammal      Summ           0%         N/A       30%         1
 Blink                    Tloc           0%         N/A       43%         2
 Lesser Beckoning         Tloc           0%         N/A       43%         2
 Momentum Strike          Conj/Tloc      0%         3d8       43%         2
 Call Canine Familiar     Summ           0%         N/A       67%         3
 Dazzling Flash           Conj/Hex       0%         N/A       67%         3
 Mephitic Cloud           Conj/Alch/Air  0%         N/A       67%         3
 Summon Blazeheart Golem  Fire/Summ      0%         N/A       97%         4
 Curse of Agony           Necr           0%         N/A       100%        5
 Silence                  Hex/Air        0%         N/A       100%        5


Dungeon Overview and Level Annotations

Branches:
Dungeon (3/15)              Sewer (1/1)

Altars:

Shops:
D:1 :


Innate Abilities, Weirdness & Mutations

You are a hulking beast.
Your limbs bulge with bestial killing power. (Slay +2)
You cannot wear most types of armour.
You are amphibious.
You can wear up to eight rings at the same time.
Your skin changes colour to match your surroundings (Stealth+).
Your rubbery body absorbs attacks. (AC +1, EV +1)
You are camouflaged when in or above water. (Stealth+)
You have tentacles for arms and can constrict up to eight enemies at once.


Message History

You are too injured to fight recklessly!
You are too injured to fight recklessly!
The endoplasm attacks as it pursues you!
The endoplasm misses you.
You tentacle-slap the endoplasm.
You kill the endoplasm!
The endoplasm freezes you.
You are frozen.
You bludgeon the endoplasm!
You kill the endoplasm!
The giant cockroach bites you.
The giant cockroach splashes around in the water.
You bludgeon the frilled lizard!
You kill the frilled lizard!
The river rat closely misses you. The giant cockroach bites you.
You closely miss the river rat. Your grab misses the river rat.
The giant cockroach bites you.
* * * LOW HITPOINT WARNING * * *
The river rat barely misses you.
You tentacle-slap the river rat. You grab the river rat.
You squeeze the river rat, but do no damage.
The river rat is lightly wounded.
You constrict the river rat, but do no damage.
The endoplasm misses you.
The giant cockroach splashes around in the water.
The river rat bites you.
* * * LOW HITPOINT WARNING * * *
You barely miss the river rat.
The river rat is lightly wounded.
You constrict the river rat. The giant cockroach bites you.
The endoplasm freezes you.
You are frozen.
The river rat bites you.
* * * LOW HITPOINT WARNING * * *
It was a potion of might.
You feel very mighty all of a sudden.
You constrict the river rat. The giant cockroach bites you.
* * * LOW HITPOINT WARNING * * *
The endoplasm freezes you.
You are frozen.
You die...

~.~. .~~..
...~#
#~~.~.
#.~~..~
###~~~~#
##..~.~#
#.JBJ~#
#~hr###
##.~##
#...#
#~.## #..#
##########
#..#
#.~..~...#
#..#
#.†.~~...#
#~~#
#~†####~~#
#.~# #..#
#~.#


You could see a river rat, 2 endoplasms and a giant cockroach.

Vanquished Creatures
  Jessica (D:3)
  Terence (D:2)
  2 adders
  5 river rats
  A dart slug (D:2)
  A ribbon worm (D:2)
  12 ball pythons
  4 bats
  9 endoplasms
  8 giant cockroaches
  4 goblins
  5 hobgoblins
  3 jackals (D:3)
  8 kobolds
  3 quokkas
  5 frilled lizards
  A rat (D:2)
73 creatures vanquished.

Notes
Turn   | Place    | Note
-------+----------+-------------------------------------------
     0 | D:1      | Alphaeus the Octopode Shapeshifter began the quest for the
                  | Orb.
     0 | D:1      | Reached XP level 1. HP: 13/13 MP: 1/1
   164 | D:1      | Reached XP level 2. HP: 18/18 MP: 2/2
   394 | D:1      | Found Iskecleni's Book Emporium.
   620 | D:1      | Reached XP level 3. HP: 22/23 MP: 3/3
   994 | D:2      | Noticed Terence
  1006 | D:2      | Killed Terence
  1007 | D:2      | Reached XP level 4. HP: 26/29 MP: 4/4
  1475 | D:3      | Noticed Jessica
  1480 | D:3      | Killed Jessica
  1495 | D:3      | Reached XP level 5. HP: 21/34 MP: 5/5
  1640 | D:3      | Found a glowing drain.
  1644 | Sewer    | Entered a sewer
  1834 | Sewer    | Frozen to death by an endoplasm

Illustrated notes

Levels and vault maps discovered:
D:1:      amcnicky_arrival_choice, layout_basic, serial_shops,
          nicolae_square_shop, minmay_gold_behind_fungi, minmay_fountain_box
D:2:      layout_rooms, nicolae_the_louvre, uniq_terence
D:3:      layout_loops_cross, serial_shops, nicolae_lakefront_shop,
          gup_sewer_entry_bowl, uniq_jessica
Sewer:    sewer_hellmonk_slimy_pipes

Skill      XL: |  1  2  3  4  5 |
---------------+----------------+-----
Fighting       | 2 |  2.2
Unarmed Combat | 4 |  4.3
Shapeshifting  | 4 |  4.1
Dodging        | |  2.8

Action                     |  1- 3 |  4- 6 || total
---------------------------+-------+-------++-------
  Melee: Unarmed           |    64 |    81 ||   145
         Constrict         |    17 |    16 ||    33
         Tentacles         |    15 |    16 ||    31
         Punch             |     6 |     2 ||     8
    Use: Potion            |       |     1 ||     1
   Stab: Sleeping          |     7 |     5 ||    12
 Armour: Skin              |    25 |    41 ||    66
  Dodge: Dodged            |    29 |    49 ||    78
